 Dungeon Crawl Stone Soup version 0.29.1-15-g9cfb28693d (webtiles) character file.

Game seed: 15009808276573305369

1073 javelincjr the Trooper (level 8, -7/62 HPs)
             Began as a Djinni Conjurer on Mar 20, 2023.
             Was an Initiate of Makhleb.
             Mangled by a vampire (10 damage)
             ... on level 6 of the Dungeon.
             The game lasted 00:20:45 (6632 turns).

javelincjr the Trooper (Djinni Conjurer)            Turns: 6632, Time: 00:20:45

Health: -7/62      AC:  7    Str: 11    XL:     8   Next: 54%
Gold:   366        EV: 14    Int: 20    God:    Makhleb [......] SH:  0 Dex: 12

rFire   + + .      SeeInvis .   q - +2 flail (holy)
rCold   . . .      Faith    .   (no shield)
rNeg    . . .      Spirit   .   c - +1 robe {rC+}
rPois   ∞          Reflect  .   y - +2 helmet of Pustriah {+Inv Str+3}
rElec   .          Harm     .   b - +0 cloak
rCorr   .          Rampage  .   (no gloves)
Will    .....                   (boots unavailable)
Stlth   ++........              x - amulet of the acrobat
HPRegen 0.20/turn               (no ring)
MPRegen 0.00/turn               (no ring)

@: about to teleport, flying, very slightly contaminated
A: sickness immunity, fire resistance 2, cold vulnerability 1, float, innate
caster, HP casting, extra vitality 1
a: Renounce Religion, Evoke Invisibility


You were on level 6 of the Dungeon.
You worshipped Makhleb.
Makhleb was noncommittal.
You visited 2 branches of the dungeon, and saw 7 of its levels.

You collected 366 gold pieces.

Inventory:

Hand Weapons
 n - a +2 dagger of draining
 q - a +2 flail of holy wrath (weapon)
Armour
 a - a +0 robe
 b - a +0 cloak (worn)
 c - a +1 robe of cold resistance (worn)
 y - the +2 helmet of Pustriah (worn) {+Inv Str+3}
   (You found it on level 5 of the Dungeon)

   Str:       It affects your strength (+3).
   +Inv:      It lets you turn invisible.
Jewellery
 x - an amulet of the acrobat (around neck)
Wands
 t - a wand of polymorph (4)
Scrolls
 d - 2 scrolls of teleportation
 e - a scroll of immolation {unknown}
 l - a scroll of poison
 p - 2 scrolls of magic mapping
 s - a scroll of enchant armour
 u - a scroll of noise
Potions
 f - 2 potions of might
 g - a potion of resistance {unknown}
 h - a potion of attraction {unknown}
 i - a potion of berserk rage {unknown}
 j - a potion of brilliance {unknown}
 k - a potion of lignification {unknown}
 m - a potion of curing {unknown}
 o - 2 potions of haste
 r - a potion of heal wounds {unknown}
 v - a potion of degeneration {unknown}
 w - a potion of experience {unknown}


   Skills:
 * Level 6.5 Fighting
 + Level 5.5 Dodging
 - Level 1.6 Stealth
 + Level 4.9 Spellcasting


You couldn't memorise any spells.
You knew the following spells:

 Your Spells              Type           Power      Damage    Failure   Level
a - Magic Dart            Conj           96%        1d7       1%          1
b - Searing Ray           Conj           48%        2d6       2%          2
c - Dazzling Flash        Conj/Hex       48%        N/A       4%          3
d - Fulminant Prism       Conj/Hex       12%        3d9       16%         4
e - Iskenderun's Mystic   Conj/Tloc      24%        2d7       16%         4
f - Foxfire               Conj/Fire      96%        2x1d8     1%          1
g - Wereblood             Tmut           24%        N/A       2%          2
h - Lesser Beckoning      Tloc           24%        N/A       4%          3
Your spell library was empty.

Dungeon Overview and Level Annotations

Branches:
Dungeon (6/15)             Temple (1/1) D:5

Altars:
Cheibriados
Dithmenos
Fedhas
Gozag
Hepliaklqana
Makhleb
Nemelex Xobeh
Okawaru
Ru
Trog
Uskayaw
Wu Jian
Yredelemnul
The Shining One

Shops:
D:1 :


Innate Abilities, Weirdness & Mutations

You are immune to sickness and miasma.
You are immune to poison.
Your flesh is very heat resistant. (rF++)
You are vulnerable to cold. (rC-)
You float through the air rather than walking.
You learn spells naturally, not from books.
Your magical power is your life essence.
You have superior vitality. (+4 MHP)


Message History

Confirm with . or Enter, or press ? or * to list all spells.
You erupt in a blast of force!
The mystic blast hits the vampire.
The vampire is heavily damaged.
The vampire is knocked back by the mystic blast.
You are too injured to fight recklessly!
You are too injured to fight recklessly!
As you read the scroll of teleportation, it crumbles to dust.
You feel strangely unstable.
Casting: Iskenderun's Mystic Blast (dangerous; 16% risk of failure)
Confirm with . or Enter, or press ? or * to list all spells.
You miscast Iskenderun's Mystic Blast.
You feel a strange surge of energy.
* * * LOW HITPOINT WARNING * * *
x2 The vampire barely misses you.
The vampire closely misses you.
Casting: Iskenderun's Mystic Blast (dangerous; 16% risk of failure)
Confirm with . or Enter, or press ? or * to list all spells.
You miscast Iskenderun's Mystic Blast.
Space twists in upon itself.
You are magically locked in place.
* * * LOW HITPOINT WARNING * * *
The vampire barely misses you. The vampire completely misses you.
You cannot move.
Casting: Iskenderun's Mystic Blast (dangerous; 16% risk of failure)
Confirm with . or Enter, or press ? or * to list all spells.
You conjure some foxfire!
* * * LOW HITPOINT WARNING * * *
The vampire hits you.
* * * LOW HITPOINT WARNING * * *
The vampire barely misses you.
You feel a strange sense of stasis.
The foxfire hits the vampire but does no damage.
The vampire is heavily damaged.
The foxfire hits the vampire but does no damage.
The vampire is heavily damaged.
The vampire misses you. The vampire completely misses you.
You are no longer locked in place.
The vampire completely misses you. The vampire misses you.
As you read the scroll of teleportation, it crumbles to dust.
You feel strangely unstable. The vampire hits you.
* * * LOW HITPOINT WARNING * * *
The vampire bites you!
You die...

####### ......# #####.#
......# ##### ####..#
#...######### ####[.###
#............
..†.....###............
.##...........[)V#
.#..............@#
......[..#...........)..
###..#............#..#..
#....#..###.....### ....
#.##.#..# ####### ### #.
..#..# ## #..# .. ##


You could see a vampire.

Vanquished Creatures
  A wraith (D:6)
  2 ogres (D:4)
  Blork the orc (D:5)
  3 necrophages
  2 scorpions
  A wight (D:6)
  2 hounds (D:4)
  An orc priest (D:6)
  Jessica (D:3)
  3 iguanas (D:5)
  An orc wizard (D:3)
  2 adders (D:3)
  4 worms
  3 dart slugs
  9 orcs
  5 ball pythons
  7 endoplasms
  3 giant cockroaches
  13 goblins
  9 hobgoblins
  4 jackals (D:2)
  6 kobolds
  6 quokkas
  4 bats
  2 frilled lizards
  4 rats
99 creatures vanquished.

Vanquished Creatures (others)
  404 foxfires
  A fulminant prism (D:5)
405 creatures vanquished.

Grand Total: 504 creatures vanquished

Notes
Turn   | Place    | Note
-------+----------+-------------------------------------------
     0 | D:1      | javelincjr the Djinni Conjurer began the quest for the Orb.
     0 | D:1      | javelincjr set off with the following spells memorised:
                  | Magic Dart, Searing Ray, Dazzling Flash, Fulminant Prism,
                  | Iskenderun's Mystic Blast.
     0 | D:1      | Reached XP level 1. HP: 15/15 MP: 0/0
   489 | D:1      | Reached XP level 2. HP: 18/22 MP: 0/0
   689 | D:1      | Reached skill level 1 in Fighting
   781 | D:1      | Found Apeffuwn's Book Shoppe.
  1138 | D:1      | Reached XP level 3. HP: 25/27 MP: 0/0
  1138 | D:1      | Learned a level 1 spell: Foxfire
  1290 | D:2      | Found a faded altar of an unknown god.
  2198 | D:2      | Reached skill level 2 in Fighting
  2204 | D:2      | Reached XP level 4. HP: 23/33 MP: 0/0
  2654 | D:3      | Found an opulent altar of Gozag.
  3104 | D:3      | Reached XP level 5. HP: 28/39 MP: 0/0
  3104 | D:3      | Learned a level 2 spell: Wereblood
  3112 | D:3      | Reached skill level 3 in Fighting
  3496 | D:3      | Noticed Jessica
  3502 | D:3      | Killed Jessica
  3694 | D:3      | Found a snail-covered altar of Cheibriados.
  4093 | D:4      | Reached XP level 6. HP: 35/47 MP: 0/0
  4207 | D:4      | Noticed an ogre
  4208 | D:4      | Noticed an ogre
  4235 | D:4      | Killed an ogre
  4236 | D:4      | Reached skill level 4 in Fighting
  4262 | D:4      | Killed an ogre
  4263 | D:4      | Reached XP level 7. HP: 49/53 MP: 0/0
  4263 | D:4      | Learned a level 3 spell: Lesser Beckoning
  4980 | D:5      | Entered Level 5 of the Dungeon
  5002 | D:5      | Reached skill level 5 in Fighting
  5191 | D:5      | Found a staircase to the Ecumenical Temple.
  5197 | D:5      | Identified the +2 helmet of Pustriah {+Inv Str+3}
  5224 | Temple   | Entered the Ecumenical Temple
  5258 | Temple   | Became a worshipper of Makhleb the Destroyer
  5729 | D:5      | Noticed Blork the orc
  5736 | D:5      | Killed Blork the orc
  5737 | D:5      | Reached XP level 8. HP: 50/60 MP: 0/0
  5803 | D:5      | Reached skill level 5 in Dodging
  6380 | D:6      | Reached skill level 6 in Fighting
  6380 | D:6      | Noticed a wraith
  6397 | D:6      | Killed a wraith
  6617 | D:6      | Noticed a vampire
  6632 | D:6      | HP: 3/62 [vampire (5)]
  6632 | D:6      | Mangled by a vampire

Illustrated notes

Levels and vault maps discovered:
D:1:      amcnicky_arrival_feature_with_door, layout_basic, serial_shops,
          nicolae_lakefront_shop
D:2:      layout_loops_ring, hellmonk_ecumenical_altar_zigzags
D:3:      layout_basic, mainiacjoe_overflow_brackets, general_overflow_altar,
          ebering_dispersal_statue_hall, st_stairs_3, kennysheep_minor_cross,
          roderic_serpentine_path, minmay_crystal_water,
          kennysheep_generic_room_15, uniq_jessica
D:4:      layout_cave_pools, kennysheep_generic_room_5
D:5:      layout_basic, old_standard_altar, minmay_temple_entry_glass,
          hangedman_decor_growths, chequers_avenue, uniq_blork_the_orc
D:6:      layout_basic, kennysheep_vampire_church, minmay_manual_monolith
Temple:   nicolae_temple_figure_eight

Skill      XL: |  1  2  3  4  5  6  7  8 |
---------------+-------------------------+-----
Fighting       | 1 2 3 4 5 6 |  6.5
Dodging        | 3 4 5 |  5.5
Spellcasting   | 4 |  4.9
Stealth        | |  1.6

Action                   |  1- 3 |  4- 6 |  7- 9 || total
-------------------------+-------+-------+-------++-------
Melee: Unarmed           |     2 |       |       ||     2
       Spear             |       |     9 |       ||     9
       Flail             |       |     3 |    12 ||    15
 Cast: Magic Dart        |    36 |     6 |       ||    42
       Foxfire           |    42 |    94 |   109 ||   245
       Searing Ray       |       |     2 |       ||     2
       Iskenderun's Myst |       |       |     6 ||     6
       Fulminant Prism   |       |       |     1 ||     1
  Use: Scroll            |       |       |    10 ||    10
Armor: Robe              |     2 |     5 |     2 ||     9
Dodge: Dodged            |     5 |    13 |    32 ||    50
